 Dungeon Crawl Stone Soup version 0.23.1-42-g8abd8fc (webtiles) character file.

Game seed: 2131976759853221184

62731 markt42 the Bludgeoner (level 15, -2/92 HPs)
             Began as a Gargoyle Fighter on Mar 30, 2019.
             Was the Champion of Okawaru.
             Killed by divine providence
             ... invoked by an orc priest
              (14 damage)
             ... on level 2 of the Orcish Mines.
             The game lasted 00:31:15 (18419 turns).

markt42 the Bludgeoner (Gargoyle Fighter)          Turns: 18419, Time: 00:31:16

Health: -2/92      AC: 46    Str: 29    XL:     15   Next: 7%
Magic:  15/15      EV:  8    Int:  9    God:    Okawaru [******]
Gold:   1680       SH: 28    Dex: 14    Spells: 14/14 levels left

rFire    . . .     SeeInvis .   C - +7 flail "Diwaon Yhizo" {vamp, *Slow rC+ rN+}
rCold    + + .     Gourm    .   c - +7 large shield of Rotation {*Drain rN+ Str+2 Slay+2}
rNeg     + + +     Faith    .   n - +15 Maxwell's patent armour {-Cast -Tele rElec MR+ rCorr}
rPois    ∞         Spirit   .   s - +2 hat
rElec    +         Reflect  .   m - scarf {repulsion}
rCorr    +         Harm     .   j - +1 pair of gloves
MR       ++...     Clarity  +   (no boots) Stlth ..........NoTele +
                                y - amulet "Qaitak" {RegenMP *Corrode rC+ Str+6}
HPRegen  0.25/turn NoCast   +   i - ring of resist corrosion
MPRegen  0.39/turn              J - +4 ring of slaying

@: studying Bows, repel missiles
A: big wings, clarity, negative energy resistance 1, screaming 1, electricity
resistance, teleportitis 1, unbreathing, petrification resistance, rot immunity,
subdued magic 1, AC +11
a: Fly, Heroism, Finesse, Renounce Religion


You were on level 2 of the Orcish Mines.
You worshipped Okawaru.
Okawaru was exalted by your worship.
You were hungry.

You visited 4 branches of the dungeon, and saw 20 of its levels.
You also visited: Sewer and Gauntlet.

You collected 1680 gold pieces.

Inventory:

Hand Weapons
 t - a +8 morningstar
 C - the +7 flail "Diwaon Yhizo" (weapon) {vamp, *Slow rC+ rN+}
   (Okawaru gifted it to you on level 3 of the Lair of Beasts)

   It inflicts no extra harm, but heals its wielder when it wounds a living foe.
   It protects you from cold.
   It protects you from negative energy.
   It may slow you when you take damage.
Armour
 c - the +7 large shield of Rotation (worn) {*Drain rN+ Str+2 Slay+2}
   (Okawaru gifted it to you on level 6 of the Lair of Beasts)

   It affects your strength (+2).
   It affects your accuracy and damage with ranged weapons and melee attacks
   (+2).
   It protects you from negative energy.
   It causes draining when unequipped.
 j - a +1 pair of gloves (worn)
 m - a scarf of repulsion (worn)
 n - the +15 Maxwell's patent armour (worn) {-Cast -Tele rElec MR+ rCorr}
   (You took it off a minotaur in a Gauntlet)

   It insulates you from electricity.
   It affects your resistance to hostile enchantments.
   It prevents spellcasting.
   It prevents most forms of teleportation.
   It provides partial protection from all sources of acid and corrosion.
 s - a +2 hat (worn)
 w - the +7 large shield of Catatonia {Int+4}
   (You took it off a minotaur in a Gauntlet)

   It affects your intelligence (+4).
Jewellery
 a - an uncursed ring of positive energy
 b - an uncursed amulet of regeneration
 d - a +2 ring of strength
 i - a ring of resist corrosion (left hand)
 q - an uncursed amulet of guardian spirit
 u - an uncursed ring of protection from fire
 y - the amulet "Qaitak" (around neck) {RegenMP *Corrode rC+ Str+6}
   (You found it in a Gauntlet)

   [amulet of magic regeneration]

   It increases your magic regeneration.
   It affects your strength (+6).
   It protects you from cold.
   It may corrode you when you take damage.
 J - a +4 ring of slaying (right hand)
Wands
 p - a wand of random effects (12)
 r - a wand of paralysis (20)
 x - a wand of acid (8)
 z - a wand of iceblast (5)
 A - a wand of flame (65)
 I - a wand of digging (3)
 L - a wand of polymorph (4)
Scrolls
 e - 3 scrolls of fear
 g - 2 scrolls of blinking
 k - 8 scrolls of remove curse
 l - 3 scrolls of identify
 v - 2 scrolls of teleportation
 E - a scroll of fog
 F - 2 scrolls of enchant weapon
 M - a scroll of amnesia {unknown}
Potions
 h - 8 potions of flight
 o - 2 potions of curing
 B - a potion of might
 D - 5 potions of haste
 H - a potion of invisibility {unknown}
Books
 G - a manual of Bows
Comestibles
 f - 26 rations
 K - a chunk of flesh


   Skills:
 + Level 10.1 Fighting
 * Level 17.4 Maces & Flails
 * Level 13.5 Armour
 + Level 3.0 Dodging
 + Level 0.5 Stealth
 + Level 14.9 Shields
 + Level 1.1 Evocations


You had 14 spell levels left.
You didn't know any spells.
Your spell library contained the following spells:

 Spells                   Type           Power        Failure   Level  Hunger
 Confusing Touch          Hex            #.....       100%        1    ##.....
 Summon Small Mammal      Summ           #...         100%        1    ##.....
 Call Imp                 Summ           #.......     100%        2    ###....
 Shroud of Golubria       Chrm/Tloc      #.........   100%        2    ###....
 Song of Slaying          Chrm           #.......     100%        2    ###....
 Swiftness                Chrm/Air       #.......     100%        2    ###....
 Call Canine Familiar     Summ           #.......     100%        3    ####...
 Confuse                  Hex            #.......     100%        3    ####...
 Gell's Gravitas          Tloc           #.........   100%        3    ####...
 Spectral Weapon          Hex/Chrm       #.......     100%        3    ####...
 Summon Guardian Golem    Hex/Summ       #.......     100%        3    ####...
 Petrify                  Tmut/Erth      #.......     100%        4    #####..
 Summon Ice Beast         Ice/Summ       #.......     100%        4    #####..
 Summon Lightning Spire   Summ/Air       #.......     100%        4    #####..
 Metabolic Englaciation   Hex/Ice        #.........   100%        5    ######.
 Silence                  Hex/Air        #.........   100%        5    ######.
 Yara's Violent Unravell  Hex/Tmut       #.........   100%        5    ######.
 Conjure Ball Lightning   Conj/Air       #.........   100%        6    #######
 Deflect Missiles         Chrm/Air       #.........   100%        6    #######
 Ring of Flames           Chrm/Fire      #.........   100%        7    #######
 Tornado                  Air            #.........   100%        9    #######


Dungeon Overview and Level Annotations

Branches:
Dungeon (11/15)            Temple (1/1) D:6            Lair (6/6) D:8
  Swamp (0/4) Lair:3       Spider (0/4) Lair:3        Slime (0/5) Lair:6
    Orc (2/2) D:11            Elf (0/3) Orc:2

Altars:
Ashenzari
Cheibriados
Dithmenos
Fedhas
Gozag
Hepliaklqana
Nemelex Xobeh
Okawaru
Qazlal
Ru
Sif Muna
Trog
Uskayaw
Vehumet
Wu Jian
Xom
Yredelemnul
Zin
The Shining One
Beogh
Jiyva

Shops:
D:9 *   D:10 %

Portals:
Trove: D:10 (show abyssal rune of Zot)

Annotations:
D:7 3 runed translucent doors, Kairos's ghost, novice HOFi


Innate Abilities, Weirdness & Mutations

You are resistant to torment.
Your stone body is resilient. (AC +11)
You are immune to poison.
Your large and strong wings let you fly indefinitely.
You resist negative energy. (rN+)
You are resistant to electric shocks. (rElec)
You can survive without breathing.
You are immune to petrification.
You are immune to rotting.
You possess an exceptional clarity of mind.
You occasionally shout uncontrollably at your foes.
You are occasionally teleported next to monsters.
Your spells are a little easier to cast, but a little less powerful.


Message History

The orc priest mumbles some strange prayers to Beogh against you.
Beogh smites you! You block the orc's attack.
The orc high priest utters an invocation to Beogh.
You hit the orc.
The orc is almost dead.
The orc warrior hits you but does no damage.
You block the orc priest's attack. You block the orc's attack. x2
The orc priest invokes the aid of Beogh against you.
Beogh smites you!
The orc priest invokes the aid of Beogh against you.
Beogh smites you!
* * * LOW HITPOINT WARNING * * *
You block the orc's attack. x2
The orc high priest mumbles some strange prayers to Beogh against you.
Beogh smites you!
* * * LOW HITPOINT WARNING * * *
You block the orc warrior's attack.
The orc priest mumbles some strange prayers to Beogh against you.
Beogh smites you!
You die...

###.......# ........#
##.#......## #.o.#...#
....#......# .......#
.....#.....# #o.o#..
....#......# .ooo..
....#......#######o.o#####
...........#.....ooo......
...........#....ooo.o.....
................@.oo......
..................o......#
..........................
.....#....#.....>.....#...
....#......#...........#..
.....#....................
..........................
..........................
...........^..............


You could see an orc high priest, 2 orc warriors, 8 orc priests and 7 orcs.

Vanquished Creatures
  Kirke (Lair:4)
  3 azure jellies (Lair:6)
  An orc warlord (Orc:1)
  The ghost of vishdafish the Blocker, a journeyman GnFi of Nemelex Xobeh (Lair:6)
  Nessos (Lair:6)
  A minotaur (Gauntlet)
  The ghost of Vig Uhad the Martial Artist, a journeyman OpTm of Cheibriados (Lair:5)
  5 hydras
  3 catoblepae (Lair:6)
  3 two-headed ogres
  Urug (Lair:6)
  11 death yaks (Lair:6)
  A necromancer (Lair:4)
  Pikel (D:5)
  3 manticores
  2 moths of wrath (Lair:6)
  An orc sorcerer (Orc:1)
  A black mamba (Lair:1)
  Joseph (D:7)
  3 elephants (Lair:6)
  13 spiny frogs
  2 rime drakes
  4 komodo dragons
  2 queen bees
  2 trolls (D:11)
  3 meliai (Lair:6)
  A merfolk (D:9)
  A jumping spider (Lair:3)
  Grinder (D:5)
  10 hippogriffs
  2 raiju (Gauntlet)
  4 hornets
  10 dream sheep
  9 blink frogs
  A shadow (D:10)
  Sigmund (D:3)
  3 wyverns
  32 yaks
  6 hogs (Lair:4)
  A steam dragon (Gauntlet)
  4 vampire mosquitoes (Lair:3)
  6 spriggans (Lair:6)
  Edmund (D:6)
  5 wargs
  Menkaure (D:4)
  2 swamp worms (Gauntlet)
  12 water moccasins
  An ice beast (D:7)
  5 porcupines
  20 orc warriors
  An elephant zombie (Lair:4)
  4 sky beasts
  5 ogres
  2 phantoms
  8 crocodiles
  7 centaurs
  A big kobold (Sewer)
  A gnoll sergeant (D:5)
  7 bullfrogs
  A wyvern skeleton (D:10)
  A scorpion (D:5)
  20 killer bees
  8 wights
  11 electric eels
  2 howler monkeys
  4 crimson imps
  3 bullfrog zombies
  3 hounds
  13 orc priests
  A bullfrog skeleton (D:7)
  A centaur skeleton (D:6)
  8 iguanas
  17 orc wizards
  Crazy Yiuf (D:6)
  Ijyb (D:4)
  Natasha (thrice) (D:4)
  3 worker ants
  2 lightning spires (Gauntlet)
  2 crocodile zombies (Lair:4)
  A howler monkey zombie (D:5)
  14 adders
  8 gnolls
  A howler monkey skeleton (D:11)
  2 river rats
  A shadow imp (D:8)
  2 oozes
  An adder skeleton (D:4)
  5 worms
  3 dart slugs
  10 leopard geckos
  63 orcs
  4 giant cockroaches
  8 goblins
  6 hobgoblins
  19 jackals
  5 quokkas
  A ball python (D:4)
  9 bats
  A jackal skeleton (D:4)
  10 kobolds
  A leopard gecko skeleton (D:4)
  2 quokka zombies
  11 rats
  A plant (D:11)
540 creatures vanquished.

Vanquished Creatures (collateral kills)
  A spiny frog (Lair:1)
1 creature vanquished.

Vanquished Creatures (others)
  An orc wizard (Orc:1)
  A leopard gecko (D:5)
  2 orcs (D:5)
  2 plants (Lair:6)
6 creatures vanquished.

Grand Total: 547 creatures vanquished

Notes
Turn   | Place    | Note
-------+----------+-------------------------------------------
     0 | D:1      | markt42 the Gargoyle Fighter began the quest for the Orb.
     0 | D:1      | Reached XP level 1. HP: 14/14 MP: 1/1
    64 | D:1      | Reached XP level 2. HP: 19/19 MP: 2/2
   512 | D:1      | Reached XP level 3. HP: 12/23 MP: 3/3
   901 | D:2      | Reached skill level 3 in Maces & Flails
   939 | D:2      | Reached XP level 4. HP: 25/28 MP: 4/4
  1733 | D:3      | HP: 1/29 [orc/+0 flail (2)]
  1752 | D:3      | Reached XP level 5. HP: 26/33 MP: 5/5
  1898 | D:3      | Reached skill level 1 in Dodging
  1918 | D:3      | Reached skill level 4 in Maces & Flails
  2382 | D:3      | Reached XP level 6. HP: 31/38 MP: 6/6
  2461 | D:3      | Noticed Sigmund
  2464 | D:3      | Gained mutation: You are covered in fur. (AC +1) [potion of
                  | mutation]
  2464 | D:3      | Gained mutation: You have a pair of small antennae on your
                  | head. [potion of mutation]
  2464 | D:3      | Gained mutation: You are clumsy. (Dex -2) [potion of
                  | mutation]
  2464 | D:3      | Gained mutation: You evolve. [potion of mutation]
  2481 | D:3      | Killed Sigmund
  2773 | D:4      | Noticed Menkaure
  2784 | D:4      | Killed Menkaure
  2784 | D:4      | Reached skill level 5 in Maces & Flails
  2784 | D:4      | Reached XP level 7. HP: 21/43 MP: 7/7
  2822 | D:4      | Noticed Ijyb
  2859 | D:4      | Killed Ijyb
  2945 | D:4      | Got a slimy tin amulet
  3041 | D:4      | Noticed Natasha
  3052 | D:4      | Killed Natasha
  3052 | D:4      | Reached skill level 5 in Shields
  3065 | D:4      | Got a dazzling ring mail
  3066 | D:4      | Identified the amulet of Taesch {Inacc rElec rPois MR+}
                  | (You found it on level 4 of the Dungeon)
  3070 | D:4      | Identified the cursed +1 ring mail of Parts Unknown {MR-
                  | MP+9 Dex+3} (You found it on level 4 of the Dungeon)
  3170 | D:4      | Found a basalt altar of Yredelemnul.
  3176 | D:4      | Found a glowing silver altar of Zin.
  3176 | D:4      | Found a shimmering altar of Xom.
  3176 | D:4      | Found a snail-covered altar of Cheibriados.
  3259 | D:4      | Noticed Natasha
  3265 | D:4      | Killed Natasha
  3387 | D:4      | Noticed Natasha
  3393 | D:4      | Killed Natasha
  3393 | D:4      | Reached skill level 6 in Maces & Flails
  3600 | D:5      | Entered Level 5 of the Dungeon
  3601 | D:5      | Noticed Pikel
  3634 | D:5      | Killed Pikel
  3634 | D:5      | Reached skill level 8 in Maces & Flails
  3634 | D:5      | Reached skill level 5 in Armour
  3634 | D:5      | Reached XP level 8. HP: 22/48 MP: 8/8
  3781 | D:5      | Noticed Grinder
  3807 | D:5      | Paralysed by Grinder for 2 turns
  3823 | D:5      | Killed Grinder
  3823 | D:5      | Reached skill level 9 in Maces & Flails
  3879 | D:5      | Lost mutation: You are clumsy. (Dex -2) [evolution]
  3879 | D:5      | Lost mutation: You evolve. [end of evolution]
  4405 | D:6      | Found a staircase to the Ecumenical Temple.
  4420 | Temple   | Entered the Ecumenical Temple
  4436 | Temple   | Became a worshipper of Warmaster Okawaru
  4456 | D:6      | Reached skill level 10 in Maces & Flails
  4482 | D:6      | Reached XP level 9. HP: 39/53 MP: 9/9
  4601 | D:6      | Found a sacrificial altar of Ru.
  4751 | D:6      | Noticed Edmund
  4774 | D:6      | Killed Edmund
  4774 | D:6      | Reached * piety under Okawaru
  4774 | D:6      | Reached skill level 11 in Maces & Flails
  4864 | D:6      | Found a runed translucent door.
  4865 | D:6      | Noticed Crazy Yiuf
  4962 | D:6      | Found a deep blue altar of Sif Muna.
  5036 | D:6      | Found a glowing drain.
  5062 | Sewer    | Entered a sewer
  5142 | Sewer    | Reached skill level 5 in Fighting
  5174 | Sewer    | Found a glowing silver altar of Zin.
  5408 | D:6      | Killed Crazy Yiuf
  5693 | D:6      | Reached skill level 12 in Maces & Flails
  5818 | D:7      | Reached ** piety under Okawaru
  5824 | D:7      | Found a radiant altar of Vehumet.
  5844 | D:7      | Noticed Joseph
  5878 | D:7      | Killed Joseph
  5911 | D:7      | Lost mutation: You have a pair of small antennae on your
                  | head. [potion of mutation]
  5911 | D:7      | Lost mutation: You are covered in fur. (AC +1) [potion of
                  | mutation]
  5911 | D:7      | Gained mutation: You expend magic power (3 MP) to
                  | strengthen your wands. [potion of mutation]
  5911 | D:7      | Gained mutation: Your magical capacity is low. (-10% MP)
                  | [potion of mutation]
  5911 | D:7      | Gained mutation: You are frail. (-10% HP) [potion of
                  | mutation]
  5911 | D:7      | Gained mutation: You have a pair of small antennae on your
                  | head. [potion of mutation]
  5912 | D:7      | Lost mutation: You are frail. (-10% HP) [potion of
                  | mutation]
  5912 | D:7      | Lost mutation: Your magical capacity is low. (-10% MP)
                  | [potion of mutation]
  5912 | D:7      | Lost mutation: You have a pair of small antennae on your
                  | head. [potion of mutation]
  5912 | D:7      | Lost mutation: You expend magic power (3 MP) to strengthen
                  | your wands. [potion of mutation]
  5912 | D:7      | Gained mutation: You do not regenerate when monsters are
                  | visible. [potion of mutation]
  5912 | D:7      | Gained mutation: Your skin changes colour to match your
                  | surroundings (Stealth+). [potion of mutation]
  5994 | D:7      | Noticed a two-headed ogre
  5996 | D:7      | Reached XP level 10. HP: 59/59 MP: 10/10
  6011 | D:7      | Killed a two-headed ogre
  6011 | D:7      | Reached *** piety under Okawaru
  6011 | D:7      | Reached skill level 13 in Maces & Flails
  6305 | D:7      | Found a runed translucent gate.
  6518 | D:7      | Noticed Kairos's ghost (novice HOFi)
  6527 | D:7      | Found a runed translucent gate.
  6527 | D:7      | Found a runed translucent gate.
  6759 | D:8      | Found a staircase to the Lair.
  7142 | D:8      | Found an ornate altar of the Wu Jian Council.
  7330 | D:9      | Found a glowing golden altar of the Shining One.
  7615 | D:9      | Reached **** piety under Okawaru
  7673 | D:9      | Found Zaeps's Assorted Antiques.
  7908 | D:9      | Received a gift from Okawaru
  8037 | D:9      | Reached skill level 14 in Maces & Flails
  8544 | D:10     | Entered Level 10 of the Dungeon
  8544 | D:10     | Found a portal to a secret trove of treasure.
  8682 | D:10     | Reached XP level 11. HP: 59/66 MP: 11/11
  8903 | D:10     | Found Zunad's Food Emporium.
  9081 | D:11     | Found a staircase to the Orcish Mines.
  9302 | D:11     | Noticed a manticore
  9307 | D:11     | Reached ***** piety under Okawaru
  9328 | D:11     | Killed a manticore
  9410 | D:11     | Received a gift from Okawaru
  9639 | D:11     | Noticed a two-headed ogre
  9649 | D:11     | Killed a two-headed ogre
  9807 | D:11     | Noticed a seven-headed hydra
  9814 | D:11     | Killed a seven-headed hydra
  9814 | D:11     | Reached skill level 10 in Armour
  9821 | D:11     | Noticed a five-headed hydra
  9821 | D:11     | Noticed a two-headed ogre
  9825 | D:11     | Killed a five-headed hydra
  9834 | D:11     | Killed a two-headed ogre
  9841 | D:11     | Lost mutation: You do not regenerate when monsters are
                  | visible. [potion of mutation]
  9841 | D:11     | Lost mutation: Your skin changes colour to match your
                  | surroundings (Stealth+). [potion of mutation]
  9841 | D:11     | Gained mutation: Your spells are a little easier to cast,
                  | but a little less powerful. [potion of mutation]
  9841 | D:11     | Gained mutation: You occasionally shout uncontrollably at
                  | your foes. [potion of mutation]
  9841 | D:11     | Gained mutation: You are occasionally teleported next to
                  | monsters. [potion of mutation]
  9841 | D:11     | Gained mutation: You possess an exceptional clarity of
                  | mind. [potion of mutation]
 10429 | Lair:1   | Entered Level 1 of the Lair of Beasts
 10564 | Lair:1   | Reached skill level 15 in Maces & Flails
 10589 | Lair:1   | Reached XP level 12. HP: 20/72 MP: 12/12
 10937 | Lair:1   | Received a gift from Okawaru
 11483 | Lair:2   | Found a gate leading to a gauntlet.
 11495 | Gauntlet | Entered a Gauntlet
 11495 | Gauntlet | Found a transporter.
 11495 | Gauntlet | Found a transporter.
 11497 | Gauntlet | Found a transporter.
 11497 | Gauntlet | Found a transporter.
 11525 | Gauntlet | Found a transporter.
 11532 | Gauntlet | Found a runed translucent door.
 11532 | Gauntlet | Found a runed translucent door.
 11536 | Gauntlet | Found a transporter.
 11536 | Gauntlet | Found a transporter.
 11542 | Gauntlet | Found a transporter.
 11542 | Gauntlet | Found a transporter.
 11551 | Gauntlet | Found a transporter.
 11560 | Gauntlet | Noticed a great orb of eyes
 11572 | Gauntlet | Found a transporter.
 11604 | Gauntlet | Got a scintillating pewter amulet
 11630 | Gauntlet | Found a transporter.
 11653 | Gauntlet | Identified the +5 war axe "Uqesoniu" {venom, rC+}
 11653 | Gauntlet | Identified the +7 large shield of Catatonia {Int+4}
 11653 | Gauntlet | Noticed a minotaur
 11701 | Gauntlet | Killed a minotaur
 11728 | Gauntlet | Identified the amulet "Qaitak" {RegenMP *Corrode rC+ Str+6}
                  | (You found it in a Gauntlet)
 11736 | Gauntlet | Identified the Almanac of Good Luck
 11979 | Lair:2   | Found a dark tunnel.
 12470 | Lair:3   | Found a staircase to the Swamp.
 12496 | Lair:3   | Received a gift from Okawaru
 12497 | Lair:3   | Got an ichor-stained flail {god gift}
 12500 | Lair:3   | Identified the +7 flail "Diwaon Yhizo" {vamp, *Slow rC+
                  | rN+} (Okawaru gifted it to you on level 3 of the Lair of
                  | Beasts)
 12626 | Lair:3   | Reached skill level 16 in Maces & Flails
 12848 | Lair:3   | Found a hole to the Spider Nest.
 13332 | Lair:4   | Noticed an eight-headed hydra
 13342 | Lair:4   | Killed an eight-headed hydra
 13386 | Lair:4   | Reached skill level 10 in Shields
 13451 | Lair:4   | Reached skill level 1 in Evocations
 13454 | Lair:4   | Noticed a five-headed hydra
 13465 | Lair:4   | Killed a five-headed hydra
 13465 | Lair:4   | Reached XP level 13. HP: 79/79 MP: 13/13
 14007 | Lair:4   | Noticed Kirke
 14052 | Lair:4   | HP: 1/79 [manticore[Kirke] (3)]
 14402 | Lair:4   | Killed Kirke
 14402 | Lair:4   | Received a gift from Okawaru
 14402 | Lair:4   | Reached ****** piety under Okawaru
 14914 | Lair:5   | Found a transporter.
 14918 | Lair:5   | Found a transporter.
 14918 | Lair:5   | Noticed Vig Uhad's ghost (journeyman OpTm)
 14959 | Lair:5   | Killed Vig Uhad's ghost
 15698 | Lair:6   | Entered Level 6 of the Lair of Beasts
 15799 | Lair:6   | Noticed Nessos
 15861 | Lair:6   | Killed Nessos
 15904 | Lair:6   | Received a gift from Okawaru
 15928 | Lair:6   | Identified the +7 large shield of Rotation {*Drain rN+
                  | Str+2 Slay+2} (Okawaru gifted it to you on level 6 of the
                  | Lair of Beasts)
 15970 | Lair:6   | Gained mutation: Your large and strong wings let you fly
                  | indefinitely. [Gargoyle growth]
 15970 | Lair:6   | Reached XP level 14. HP: 86/86 MP: 14/14
 16210 | Lair:6   | Identified the +4 trident "Ziodwaom" {holy, rPois Int-3
                  | Dex+5}
 16211 | Lair:6   | Noticed vishdafish's ghost (journeyman GnFi)
 16216 | Lair:6   | Identified the +5 trident of Tuocsigu {antimagic, rPois}
 16230 | Lair:6   | Found a transporter.
 16231 | Lair:6   | Found a bloodstained altar of Trog.
 16279 | Lair:6   | Found a runed translucent door.
 16280 | Lair:6   | Found a viscous altar of Jiyva.
 16280 | Lair:6   | Noticed an azure jelly
 16281 | Lair:6   | Noticed an azure jelly
 16282 | Lair:6   | Found a staircase to the Slime Pits.
 16282 | Lair:6   | Noticed an azure jelly
 16317 | Lair:6   | Found a transporter.
 16357 | Lair:6   | Killed vishdafish's ghost
 16381 | Lair:6   | Reached skill level 17 in Maces & Flails
 16732 | Lair:6   | Received a gift from Okawaru
 16894 | Lair:6   | Noticed Urug
 16899 | Lair:6   | Killed Urug
 17106 | Lair:6   | Killed an azure jelly
 17118 | Lair:6   | Killed an azure jelly
 17127 | Lair:6   | Killed an azure jelly
 17127 | Lair:6   | Reached skill level 10 in Fighting
 17364 | Orc:1    | Entered Level 1 of the Orcish Mines
 17505 | Orc:1    | Noticed an orc warlord
 17785 | Orc:1    | Killed an orc warlord
 17785 | Orc:1    | Reached XP level 15. HP: 76/92 MP: 15/15
 18051 | Orc:2    | Entered Level 2 of the Orcish Mines
 18198 | Orc:2    | Found a roughly hewn altar of Beogh.
 18373 | Orc:2    | Found a staircase to the Elven Halls.
 18419 | Orc:2    | Killed from afar by an orc priest

Skill      XL: |  1  2  3  4  5  6  7  8  9 10 11 12 13 14 15 |
---------------+----------------------------------------------+-----
Maces & Flails | 3 4 5 8 10 12 14 15 16 17 | 17.4
Dodging        | 1 2 3 |  3.0
Shields        | 4 5 6 8 9 10 12 14 | 14.9
Armour         | 4 5 6 7 8 10 11 12 13 | 13.5
Fighting       | 4 5 6 7 8 9 10 | 10.1
Evocations     | 1 |  1.1
Stealth        | |  0.5

Action                   |  1- 3 |  4- 6 |  7- 9 | 10-12 | 13-15 || total
-------------------------+-------+-------+-------+-------+-------++-------
Melee: Flail             |   107 |   241 |   574 |   612 |   972 ||  2506
       Morningstar       |       |       |       |   293 |       ||   293
       Unarmed           |       |       |       |       |     4 ||     4
Evoke: Wand              |       |       |       |    10 |       ||    10
  Use: Potion            |       |     8 |     4 |    15 |     5 ||    32
       Scroll            |       |       |     8 |    13 |     6 ||    27
  Eat: Chunk             |       |     3 |    11 |    11 |    12 ||    37
       Ration            |       |     1 |       |     6 |     1 ||     8
Armor: Scale mail        |    63 |    75 |       |       |       ||   138
       Chain mail        |       |    78 |   302 |       |       ||   380
       Skin              |       |    29 |       |       |       ||    29
       Plate armour      |       |       |    11 |   441 |   416 ||   868
Dodge: Dodged            |    31 |    67 |   143 |   146 |   148 ||   535
       Deflected         |       |       |       |     1 |     3 ||     4
Block: Shield            |    50 |   168 |   304 |   301 |       ||   823
       Large shield      |       |       |       |   162 |  1274 ||  1436
